 Dungeon Crawl Stone Soup version 0.17.0-9-g801d43b (webtiles) character file.

118867 HaroldButt the Champion of Chaos (level 17, -1/126 HPs)
             Began as a Human Monk on Nov 8, 2015.
             Was the Champion of Makhleb.
             Killed from afar by Roxanne (27 damage)
             ... with a crystal spear
             ... on level 1 of the Spider Nest on Nov 10, 2015.
             The game lasted 03:08:22 (38049 turns).

HaroldButt the Champion of Chaos (Human Monk)      Turns: 38049, Time: 03:08:23

Health: -1/126     AC: 18    Str: 15 (16) XL:     17   Next: 32%
Magic:  28/28      EV: 21    Int: 12      God:    Makhleb [******]
Gold:   114        SH:  0    Dex: 22      Spells: 1 memorised, 22 levels left

rFire  . . .     SeeInvis .       - Unarmed
rCold  + . .     Clarity  .     B - +5 ring mail "Caroahir" {MR+ rCorr}
rNeg   . . .     SustAt   .     (no shield)
rPois  +         Gourm    .     A - +0 helmet
rElec  +         Spirit   .     D - +0 cloak {rC+}
rCorr  +         Warding  .     C - +0 pair of gloves
rMut   .         Stasis   .     W - +0 pair of boots
MR     ++...                    (no amulet)
Stlth  +.........               J - ring "Sino" {rElec Str+3 Dex+2 Stlth-}
                                z - ring of poison resistance

@: about to teleport, very resistant to hostile enchantments, very unstealthy
A: talons 1, evolution 1
a: Minor Destruction, Lesser Servant of Makhleb, Major Destruction, Greater
Servant of Makhleb, Renounce Religion


You were on level 1 of the Spider Nest.
You worshipped Makhleb.
Makhleb was exalted by your worship.
You were not hungry.

You visited 5 branches of the dungeon, and saw 29 of its levels.
You also visited: Labyrinth, Sewer, Ossuary and Ice Cave.

You collected 2691 gold pieces.
You spent 2577 gold pieces at shops.

Inventory:

Missiles
 e - 6 throwing nets (quivered)
Armour
 v - a +0 shield of reflection
 A - a +0 helmet (worn)
 B - the +5 ring mail "Caroahir" (worn) {MR+ rCorr}
   (You found it on level 5 of the Dungeon)

   It affects your resistance to hostile enchantments.
   It protects you from acid and corrosion.
 C - a +0 pair of gloves (worn)
 D - a +0 cloak of cold resistance (worn)
 E - the +0 buckler of the Lost Path {+Blink Regen+ Str+2}
   (You found it on level 5 of the Lair of Beasts)

   It affects your strength (+2).
   It lets you blink.
   It increases your rate of regeneration.
 W - a +0 pair of boots (worn)
Jewellery
 w - an uncursed ring of protection from magic
 y - an uncursed ring of see invisible
 z - a ring of poison resistance (left hand)
 G - an uncursed ring of protection from cold
 J - the ring "Sino" (right hand) {rElec Str+3 Dex+2 Stlth-}
   (You bought it in a shop on level 4 of the Orcish Mines)

   [ring of loudness]

   It affects your strength (+3).
   It affects your dexterity (+2).
   It insulates you from electricity.
   It makes you less stealthy.
 P - an uncursed ring of flight
 T - an uncursed ring of sustain attributes
 X - an uncursed amulet of regeneration
Wands
 f - a wand of disintegration (6)
 p - a wand of teleportation (3)
 K - a wand of paralysis (13)
 M - a wand of digging (15)
 N - a wand of digging (15)
 O - a wand of digging (9)
 Z - a wand of disintegration (16)
Scrolls
 h - a scroll of holy word
 j - 4 scrolls of fog
 m - 9 scrolls of recharging
 o - 5 scrolls of enchant armour
 s - 5 scrolls of remove curse
 F - 5 scrolls of teleportation
 I - a scroll of magic mapping
 L - 2 scrolls of fear
 S - a scroll of identify
 Y - a scroll of amnesia
Potions
 c - 3 potions of might
 d - a potion of cure mutation
 g - 4 potions of cancellation
 i - 2 potions of agility
 k - 4 potions of brilliance
 l - 4 potions of heal wounds
 q - 8 potions of flight
 r - 13 potions of curing
 u - 2 potions of haste
 x - 7 potions of resistance
 U - 2 potions of magic
Books
 t - a book of Changes

   Spells                             Type                      Level
   a - Beastly Appendage              Transmutation                1
   b - Sticks to Snakes               Transmutation                2
   c - Spider Form                    Transmutation/Poison         3
   d - Ice Form                       Ice/Transmutation            4
   e - Blade Hands                    Transmutation                5
Comestibles
 b - 14 bread rations
 n - 10 meat rations
 H - 4 royal jellies
 Q - 7 beef jerkies
 R - 8 slices of pizza
 V - 15 fruits


   Skills:
 - Level 9.3 Fighting
 + Level 11.4 Armour
 + Level 11.8 Dodging
 - Level 2.0 Stealth
 - Level 15.0 Unarmed Combat
 + Level 5.7 Spellcasting
 - Level 10.0 Transmutations
 - Level 15.1 Invocations


You had 22 spell levels left.
You knew the following spells:

 Your Spells              Type           Power        Failure   Level  Hunger
a - Blade Hands           Trmt           ####......   17%         5    ######.


Dungeon Overview and Level Annotations

Branches:
Dungeon (15/15)            Temple (1/1) D:6            Lair (8/8) D:8
 Shoals (0/4) Lair:5       Spider (1/4) Lair:3        Slime (0/6) Lair:7
    Orc (4/4) D:9             Elf (0/3) Orc:4        Vaults (0/5) D:14
 Depths (0/5) D:15

Altars:
Ashenzari
Cheibriados
Dithmenos
Elyvilon
Fedhas
Gozag
Kikubaaqudgha
Makhleb
Nemelex Xobeh
Okawaru
Qazlal
Ru
Sif Muna
Trog
Vehumet
Xom
Yredelemnul
Zin
The Shining One
Beogh
Jiyva

Shops:
D:10 *   Orc:4 !=![

Annotations:
D:6 exclusion: upstairs
D:7 maybe secret in water
Lair:1 Oclob fuycking shits, exclusion: oklob plant
Spider:1 exclusion: Roxanne, Roxanne


Innate Abilities, Weirdness & Mutations

You have sharp toenails.
You evolve.


Message History

The crystal spear hits you!
You hit Roxanne. You punch Roxanne!
Roxanne is lightly damaged.
Roxanne mumbles some strange words.
The orb of energy misses you.
The orb of energy explodes!
You hit Roxanne but do no damage.
Roxanne is lightly damaged.
You hit Roxanne but do no damage.
Roxanne is lightly damaged.
You hit Roxanne.
Roxanne is lightly damaged.
Roxanne mumbles some strange words.
The bolt of magma hits you!
* * * LOW HITPOINT WARNING * * *
Read which item? (? for menu, Esc to quit)
As you read the scroll of teleportation, it crumbles to dust.
You feel strangely unstable.
Roxanne mumbles some strange words.
The crystal spear hits you!
You die...

.#^........#
..).^.....##
.(.......##
..##.....###
........#..#
...#).....^########
...........>##....##
.......#........8.^#
....#...........@..#
.......#....#......#
..................##
#........#..#....##
##>......^....#...#
#####....#......##
#.#^......###
#####.....# ##.>.##


You could see Roxanne.

Vanquished Creatures
  Kirke (D:12)
  A frost giant (IceCv)
  Maud (Lair:4)
  A ghost moth (Spider:1)
  A salamander stormcaller (D:15)
  Azrael (Orc:3)
  Snorg (Lair:4)
  Josephine (Lair:6)
  2 fire dragons
  5 ogre magi
  The ghost of chonchonts the Spear-Bearer, a journeyman MiFi of Ru (Lair:2)
  A minotaur (Lab)
  Fannar (Orc:1)
  Harold (D:11)
  5 hydras
  Erica (Lair:2)
  A catoblepas (D:15)
  2 centaur warriors
  A tengu warrior (D:14)
  2 death yaks (Lair:8)
  An orc high priest (Orc:4)
  Urug (D:12)
  A shadow wraith (D:14)
  A deep elf knight (D:15)
  4 wizards
  An unseen horror (D:10)
  A deep troll (D:15)
  8 hill giants
  A giant orange brain (shapeshifter) (D:15)
  Pikel (D:7)
  A lindwurm (Lair:7)
  2 orc knights
  An orb spider (Spider:1)
  An orc sorcerer (Orc:4)
  5 cyclopes
  4 wolf spiders (Spider:1)
  12 ugly things
  A manticore (D:15)
  An elephant (D:8)
  A siren (Lair:5)
  An ice statue (IceCv)
  5 black mambas
  3 torpor snails
  5 spiny frogs
  3 gargoyles (D:15)
  A fire drake (shapeshifter) (D:14)
  2 efreet (D:15)
  A kobold demonologist (D:15)
  A yaktaur (D:15)
  4 fire drakes
  A redback zombie (D:14)
  19 komodo dragons
  4 demonic crawlers
  A tengu conjurer (D:15)
  16 polar bears
  A jumping spider (Spider:1)
  10 blink frogs
  4 slime creatures (D:14)
  2 queen bees
  5 trolls
  17 two-headed ogres
  6 wraiths
  62 yaks
  A spriggan (shapeshifter) (D:15)
  A trapdoor spider (Spider:1)
  4 tarantellas (Spider:1)
  4 wyverns
  A hog (D:7)
  2 deep elf magi
  A human (D:7)
  A vampire (D:15)
  2 fire elementals
  7 basilisks
  5 mottled dragons
  12 hippogriffs
  3 steam dragons (Lair:8)
  2 wargs
  2 hell hounds
  2 hungry ghosts (D:7)
  43 wolves
  3 vampire mosquitoes (D:15)
  12 water moccasins
  2 spiders (Spider:1)
  2 sky beasts (D:15)
  18 porcupines
  12 ice beasts
  2 necrophages
  24 orc warriors
  A wasp (Spider:1)
  2 eyes of draining
  12 centaurs
  46 ogres
  10 crocodiles
  2 phantoms
  5 big kobolds
  15 giant frogs
  A wyvern zombie (D:7)
  6 scorpions
  31 killer bees
  8 wights
  An electric eel (Lair:6)
  4 centaur zombies
  8 crimson imps
  2 giant frog zombies
  32 orc priests
  Crazy Yiuf (D:3)
  6 gnoll shamans (D:9)
  4 hounds
  15 iguanas
  5 jellies
  45 orc wizards
  8 centaur skeletons
  A giant frog skeleton (D:10)
  10 worker ants
  A killer bee zombie (D:11)
  49 sheep
  2 big kobold zombies (Ossuary)
  6 mummies (Ossuary)
  3 worker ant zombies
  A hound skeleton (D:11)
  7 gnolls (D:9)
  88 river rats
  18 adders
  8 shadow imps
  A giant eyeball (D:15)
  3 adder skeletons
  An adder zombie (D:5)
  4 worms
  8 giant geckos
  195 orcs
  10 bats
  11 giant cockroaches
  8 goblins
  5 hobgoblins
  11 jackals
  6 quokkas
  9 ball pythons
  7 giant newts
  4 hobgoblin zombies (Ossuary)
  11 kobolds
  A quokka skeleton (D:6)
  A quokka zombie (D:5)
  6 rats
  7 fungi
  4 plants
1199 creatures vanquished.

Vanquished Creatures (collateral kills)
  Donald (D:13)
  An orc warlord (D:13)
  A death yak (Lair:8)
  An elephant (Lair:8)
  A blink frog (Lair:8)
  3 wolves (Lair:5)
  A crocodile (Lair:8)
  2 plants (Lair:8)
11 creatures vanquished.

Vanquished Creatures (others)
  3 slaves (D:7)
  A wasp (D:15)
  An electric eel (D:7)
  5 orcs
  A jackal skeleton (D:7)
  22 fungi
  19 plants
52 creatures vanquished.

Grand Total: 1262 creatures vanquished

Notes
Turn   | Place    | Note
--------------------------------------------------------------
     0 | D:1      | HaroldButt the Human Monk began the quest for the Orb.
     0 | D:1      | Reached XP level 1. HP: 18/18 MP: 1/1
   328 | D:1      | Reached XP level 2. HP: 24/24 MP: 2/2
   453 | D:1      | Reached XP level 3. HP: 24/29 MP: 3/3
   603 | D:1      | Reached skill level 5 in Unarmed Combat
   766 | D:2      | Reached XP level 4. HP: 25/35 MP: 4/4
  1530 | D:2      | Reached skill level 6 in Unarmed Combat
  1530 | D:2      | Reached XP level 5. HP: 23/41 MP: 5/5
  2462 | D:3      | Found a shadowy altar of Dithmenos.
  2903 | D:3      | Reached XP level 6. HP: 28/47 MP: 6/6
  3001 | D:3      | Found a glowing drain.
  3046 | Sewer    | Entered a sewer
  3056 | Sewer    | Reached skill level 7 in Unarmed Combat
  3300 | Sewer    | Found a white marble altar of Elyvilon.
  3555 | D:3      | Noticed Crazy Yiuf
  3572 | D:3      | Killed Crazy Yiuf
  3642 | D:3      | Reached XP level 7. HP: 26/52 MP: 7/7
  3852 | D:4      | Found a sand-covered staircase.
  3858 | Ossuary  | Entered an ossuary
  3889 | Ossuary  | Reached skill level 8 in Unarmed Combat
  4470 | D:4      | Reached skill level 9 in Unarmed Combat
  4733 | D:4      | Reached XP level 8. HP: 45/58 MP: 8/8
  4839 | D:5      | Entered Level 5 of the Dungeon
  5168 | D:6      | Found a radiant altar of Vehumet.
  5450 | D:6      | Found a sparkling altar of Nemelex Xobeh.
  5757 | D:6      | Reached skill level 10 in Unarmed Combat
  5803 | D:6      | Found a staircase to the Ecumenical Temple.
  5811 | Temple   | Entered the Ecumenical Temple
  5873 | Temple   | Became a worshipper of Makhleb the Destroyer
  5873 | Temple   | Reached * piety under Makhleb
  5873 | Temple   | Reached ** piety under Makhleb
  6462 | D:5      | Got a slimy ring mail
  6661 | D:5      | Reached skill level 5 in Dodging
  7227 | D:5      | Reached XP level 9. HP: 63/63 MP: 9/9
  7495 | D:7      | Identified the +5 ring mail "Caroahir" {MR+ rCorr} (You found it on level 5 of the Dungeon)
  7666 | D:7      | Reached *** piety under Makhleb
  7961 | D:7      | Reached XP level 10. HP: 31/70 MP: 10/10
  8107 | D:7      | Reached skill level 10 in Dodging
  8299 | D:7      | Noticed Pikel
  8337 | D:7      | Killed Pikel
  8530 | D:7      | Reached skill level 5 in Armour
  9043 | D:7      | Reached **** piety under Makhleb
  9316 | D:8      | Noticed an elephant
  9363 | D:8      | Killed an elephant
  9412 | D:8      | Found a staircase to the Lair.
 10144 | D:9      | Reached XP level 11. HP: 70/75 MP: 11/11
 10400 | D:9      | Got an ichor-stained robe
 10411 | D:9      | Identified the cursed +0 robe of the Centipede {-Cast rElec rPois rF+} (You found it on level 9 of the Dungeon)
 10674 | D:9      | Reached ***** piety under Makhleb
 10675 | D:9      | Found a staircase to the Orcish Mines.
 10893 | D:9      | Reached skill level 10 in Armour
 11796 | D:10     | Entered Level 10 of the Dungeon
 11848 | D:10     | Noticed a green ugly thing
 11905 | D:10     | Killed a green ugly thing
 12021 | Lair:1   | Entered Level 1 of the Lair of Beasts
 12073 | Lair:1   | Reached skill level 5 in Fighting
 12150 | Lair:1   | Found a dark tunnel.
 12272 | Lair:1   | Reached skill level 11 in Unarmed Combat
 12372 | Lair:1   | Reached XP level 12. HP: 54/88 MP: 12/12
 12762 | Lair:1   | Noticed an oklob plant
 13257 | Lair:2   | Noticed chonchonts's ghost (journeyman MiFi)
 13319 | Lair:2   | Noticed Erica
 13496 | Lair:2   | Reached skill level 12 in Unarmed Combat
 13551 | Lair:2   | Found a frozen archway.
 13644 | IceCv    | Entered an ice cave
 14147 | IceCv    | Reached XP level 13. HP: 101/101 MP: 13/13
 14175 | IceCv    | Reached skill level 13 in Unarmed Combat
 14195 | IceCv    | Noticed a frost giant
 14212 | IceCv    | Reached skill level 1 in Invocations
 14245 | IceCv    | Killed a frost giant
 14648 | Lair:2   | Noticed a six-headed hydra
 14670 | Lair:2   | Killed chonchonts's ghost
 15051 | Lair:2   | Reached skill level 5 in Invocations
 15327 | Lair:3   | Found a hole to the Spider Nest.
 15731 | Lair:3   | Reached ****** piety under Makhleb
 15872 | Lair:3   | Reached skill level 14 in Unarmed Combat
 16428 | Lair:4   | Noticed Snorg
 16691 | Lair:4   | Identified a +0 rod of ignition (14/14) (You found it on level 4 of the Lair of Beasts)
 17118 | Lair:4   | Noticed Maud
 18238 | Lair:5   | Got an encrusted buckler
 18253 | Lair:5   | Found a labyrinth entrance.
 18261 | Lab      | Entered a labyrinth
 18918 | Lab      | Noticed a minotaur
 18928 | Lab      | Killed a minotaur
 18928 | Lab      | Reached XP level 14. HP: 63/108 MP: 20/20
 18940 | Lab      | Identified the +0 buckler of the Lost Path {+Blink Regen+ Str+2} (You found it on level 5 of the Lair of Beasts)
 18960 | Lab      | Identified a +5 rod of shadows (9/9) (You found it in a labyrinth)
 18991 | Lab      | Identified a +2 rod of inaccuracy (13/13) (You found it in a labyrinth)
 19703 | Lair:5   | Found a staircase to the Shoals.
 20107 | Lair:6   | Found a snail-covered altar of Cheibriados.
 20147 | Lair:6   | Noticed Josephine
 20161 | Lair:6   | Killed Josephine
 20233 | Lair:6   | Reached skill level 15 in Unarmed Combat
 20259 | Lair:6   | Learned a level 5 spell: Blade Hands
 20320 | Lair:6   | Reached skill level 1 in Transmutations
 21007 | Lair:7   | Found a viscous altar of Jiyva.
 21009 | Lair:7   | Found a staircase to the Slime Pits.
 21024 | Lair:7   | Reached skill level 10 in Invocations
 21214 | Lair:7   | Found an iron altar of Okawaru.
 21628 | Lair:4   | Killed Snorg
 21775 | Lair:4   | Killed Maud
 22608 | Lair:2   | Killed a six-headed hydra
 22608 | Lair:2   | Reached skill level 5 in Transmutations
 22680 | Lair:2   | Killed Erica
 22865 | Orc:1    | Entered Level 1 of the Orcish Mines
 23020 | Orc:1    | Noticed Fannar
 23047 | Orc:1    | Killed Fannar
 24176 | Orc:2    | Upgraded the game from 0.17.0-7-gfadd4cc to 0.17.0-9-g801d43b
 24271 | Orc:4    | Entered Level 4 of the Orcish Mines
 24271 | Orc:4    | Noticed Azrael
 24425 | Orc:3    | Killed Azrael
 24610 | Orc:3    | Found a roughly hewn altar of Beogh.
 24767 | Orc:4    | Found a staircase to the Elven Halls.
 24792 | Orc:4    | Found a burning altar of Makhleb.
 24910 | Orc:3    | Found a roughly hewn altar of Beogh.
 25270 | D:10     | Found Exeogew's Serpentskin Sales.
 25496 | D:10     | Noticed an unseen horror
 25529 | D:10     | Killed an unseen horror
 25529 | D:10     | Reached XP level 15. HP: 113/113 MP: 23/23
 25875 | D:11     | Noticed Harold
 25905 | D:11     | Killed Harold
 26642 | D:12     | Found a sparkling altar of Nemelex Xobeh.
 26856 | D:12     | Noticed Urug
 26869 | D:12     | Killed Urug
 27190 | D:12     | Noticed Kirke
 27215 | D:12     | Killed Kirke
 27691 | D:13     | Noticed an orc warlord
 28151 | Lair:8   | Entered Level 8 of the Lair of Beasts
 29951 | D:13     | Noticed Donald
 29977 | D:13     | Killed Donald
 29990 | D:13     | Killed an orc warlord
 30939 | D:14     | HP: 3/113 [shadow wraith (15)]
 30939 | D:14     | HP: 1/113 [shadow wraith (2)]
 31271 | D:14     | Reached XP level 16. HP: 71/120 MP: 25/27
 31286 | D:14     | Found a gate to the Vaults.
 31559 | D:14     | Reached skill level 15 in Invocations
 32321 | Orc:4    | Reached skill level 1 in Spellcasting
 32846 | Orc:4    | Found Tuachong's Distillery.
 32846 | Orc:4    | Found Gamaskyt's Distillery.
 32846 | Orc:4    | Found Sefruluh's Antique Armour Emporium.
 32846 | Orc:4    | Found Zieceety's Jewellery Boutique.
 33203 | Orc:4    | Bought a distressingly furry ring mail for 207 gold pieces
 33217 | Orc:4    | Identified the +0 ring mail of Nomeopt {rElec} (You bought it in a shop on level 4 of the Orcish Mines)
 33229 | Orc:4    | Bought the ring "Sino" {rElec Str+3 Dex+2 Stlth-} for 544 gold pieces
 33230 | Orc:4    | Bought a potion of haste for 140 gold pieces
 33230 | Orc:4    | Bought a potion of beneficial mutation for 490 gold pieces
 33230 | Orc:4    | Bought a potion of resistance for 140 gold pieces
 33230 | Orc:4    | Bought a potion of curing for 42 gold pieces
 33230 | Orc:4    | Bought a potion of heal wounds for 70 gold pieces
 33236 | Orc:4    | Gained mutation: You evolve. [potion of beneficial mutation]
 33241 | Orc:4    | Bought 2 potions of heal wounds for 140 gold pieces
 33241 | Orc:4    | Bought a potion of resistance for 140 gold pieces
 33241 | Orc:4    | Bought 2 potions of resistance for 280 gold pieces
 33241 | Orc:4    | Bought a potion of curing for 42 gold pieces
 33241 | Orc:4    | Bought a potion of curing for 42 gold pieces
 34805 | D:15     | Entered Level 15 of the Dungeon
 35663 | D:15     | Got a dazzling scale mail
 35676 | D:15     | Identified the +0 scale mail "Rail Fecy" {rPois MR+ MP+9 Dex+4} (You took it off a kobold on level 15 of the Dungeon)
 35914 | D:15     | Reached XP level 17. HP: 82/126 MP: 28/28
 35948 | D:15     | HP: 6/126 [cyclops (16)]
 36056 | D:15     | Reached skill level 10 in Transmutations
 36321 | D:15     | Gained mutation: You have sharp toenails. [evolution]
 36354 | D:15     | Found a staircase to the Depths.
 36405 | D:15     | Reached skill level 5 in Spellcasting
 37121 | D:10     | Bought an uncursed ring of poison resistance for 300 gold pieces
 37362 | Spider:1 | Entered Level 1 of the Spider Nest
 37648 | Spider:1 | Noticed Roxanne
 38049 | Spider:1 | Killed from afar by Roxanne

Action                   |  1- 3 |  4- 6 |  7- 9 | 10-12 | 13-15 | 16-18 || total
-------------------------+-------+-------+-------+-------+-------+-------++-------
Melee: Unarmed           |    95 |   320 |   451 |  1394 |  2400 |  1348 ||  6008
Throw: Throwing net      |       |       |     5 |     7 |     1 |     2 ||    15
Invok: Lesser Servant of |       |       |       |     1 |       |       ||     1
       Minor Destruction |       |       |       |       |     6 |       ||     6
       Major Destruction |       |       |       |       |     3 |     2 ||     5
       Greater Servant o |       |       |       |       |     2 |       ||     2
Evoke: Wand              |       |       |       |       |    16 |     8 ||    24
  Use: Scroll            |       |       |    24 |     7 |    11 |     7 ||    49
       Potion            |       |       |       |       |    11 |     4 ||    15
 Stab: Sleeping          |     3 |     1 |     3 |     6 |     6 |     1 ||    20
       Distracted        |     1 |       |     2 |     3 |     5 |       ||    11
       Held in net/web   |       |       |     2 |     7 |     1 |     1 ||    11
       Confused          |       |       |       |       |     1 |       ||     1
       Petrified         |       |       |       |       |       |     1 ||     1
  Eat: Chunk             |       |     9 |    15 |    25 |    56 |    25 ||   130
       Beef jerky        |       |       |     1 |     2 |     1 |       ||     4
       Pizza             |       |       |       |     1 |       |       ||     1
       Fruit             |       |       |       |       |     4 |     2 ||     6
